 Dungeon Crawl Stone Soup version 0.22-a0-447-gee5f7238b3 (webtiles) character file.

143 Kriby the Poker (level 5, -4/41 HPs)
             Began as a Merfolk Skald on June 3, 2018.
             Slain by Grinder (8 damage)
             ... on level 3 of the Dungeon.
             The game lasted 00:03:01 (3315 turns).

Kriby the Poker (Merfolk Skald)                     Turns: 3315, Time: 00:03:01

Health: -4/41      AC:  6    Str: 12    XL:     5   Next: 25%
Magic:  0/8        EV: 11    Int: 12    God:
Gold:   80         SH:  3    Dex: 14    Spells: 7/8 levels left

rFire    . . .     SeeInvis .   a - +0 spear
rCold    . . .     Gourm    .   e - +0 buckler
rNeg     . . .     Faith    .   g - +0 ring mail
rPois    .         Spirit   .   (no helmet)
rElec    .         Reflect  .   u - scarf {cloud immunity}
rCorr    .         Harm     .   (no gloves)
MR       .....                  m - +0 pair of boots (curse)
Stlth    +.........             (no amulet)
HPRegen  0.13/turn              (no ring)
MPRegen  0.11/turn              (no ring)

@: infused, flying, very slightly contaminated, hasted, very quick
A: change form in water, swift swim, stealthy swim
a: no special abilities


You were on level 3 of the Dungeon.
You were not hungry.

You visited 1 branch of the dungeon, and saw 3 of its levels.

You collected 80 gold pieces.

Inventory:

Hand Weapons
 a - a +0 spear (weapon)
Armour
 b - a +0 leather armour
 e - a +0 buckler (worn)
 g - a +0 ring mail (worn)
 k - a +0 large shield
 m - a cursed +0 pair of boots (worn)
 q - a +0 shield
 u - a scarf of cloud immunity (worn)
Scrolls
 f - 3 scrolls of enchant armour {unknown}
 h - a scroll of amnesia {unknown}
 i - a scroll of magic mapping {unknown}
 j - 3 scrolls of identify {unknown}
 l - 2 scrolls of enchant weapon {unknown}
 n - 2 scrolls of remove curse {unknown}
 t - a scroll of teleportation {unknown}
 v - a scroll of blinking {unknown}
Comestibles
 d - 4 rations {@e1}
 s - 2 chunks of flesh


   Skills:
 + Level 3.2 Fighting
 * Level 5.4 Polearms
 - Level 0.8 Armour
 * Level 4.1 Dodging
 + Level 0.5 Shields
 - Level 2.0 Spellcasting
 - Level 3.3 Charms


You had 7 spell levels left.
You knew the following spells:

 Your Spells              Type           Power        Failure   Level  Hunger
a - Infusion              Chrm           #...         24%         1    ##.....

Your spell library contained the following spells:

 Spells                   Type           Power        Failure   Level  Hunger
 Regeneration             Chrm/Necr      #.........   82%         3    ####...
 Shroud of Golubria       Chrm/Tloc      #.........   58%         2    ###....
 Song of Slaying          Chrm           #.......     36%         2    ###....
 Spectral Weapon          Hex/Chrm       #.......     82%         3    ####...


Dungeon Overview and Level Annotations

Branches:
Dungeon (3/15)

Altars:
Dithmenos
Ru

Annotations:
D:3 Grinder


Message History

You hit Grinder.
Grinder is severely wounded.
Grinder hits you!
You writhe in agony.
* * * LOW HITPOINT WARNING * * *
You hit Grinder.
Grinder is severely wounded.
Grinder hits you.
* * * LOW HITPOINT WARNING * * *
You writhe in agony.
* * * LOW HITPOINT WARNING * * *
You hit Grinder.
Grinder is severely wounded.
Grinder misses you.
You feel yourself speed up. You block Grinder's attack.
You completely miss Grinder.
Grinder is severely wounded.
You hit Grinder but do no damage.
Grinder is severely wounded.
Grinder hits you!
You die...

........##.#.......#..#
##########.#....(..#.#(
#.##.....##.##
#.####.####.#
#...........#
#).#.#...####
#..#....##
#######.####.##
#..@5........#
......############
#####


You could see Grinder.

Vanquished Creatures
  Natasha (D:3)
  A gnoll (D:1)
  3 adders
  An ooze (D:3)
  2 worms
  3 dart slugs
  3 leopard geckos
  7 goblins
  6 hobgoblins
  14 jackals
  7 kobolds
  A quokka (D:2)
  5 bats
  A frilled lizard (D:3)
  4 rats
59 creatures vanquished.

Notes
Turn   | Place    | Note
-------+----------+-------------------------------------------
     0 | D:1      | Kriby the Merfolk Skald began the quest for the Orb.
     0 | D:1      | Reached XP level 1. HP: 16/16 MP: 3/3
   158 | D:1      | Reached XP level 2. HP: 23/23 MP: 5/5
   451 | D:1      | Reached XP level 3. HP: 18/28 MP: 6/6
   707 | D:1      | Reached skill level 4 in Polearms
  1589 | D:2      | Found a shadowy altar of Dithmenos.
  1657 | D:2      | Reached XP level 4. HP: 24/34 MP: 7/7
  2278 | D:3      | Found a sacrificial altar of Ru.
  2519 | D:3      | Reached skill level 5 in Polearms
  2914 | D:3      | Reached XP level 5. HP: 41/41 MP: 8/8
  3107 | D:3      | Noticed Natasha
  3138 | D:3      | Killed Natasha
  3293 | D:3      | Noticed Grinder
  3297 | D:3      | Paralysed by Grinder for 7 turns
  3315 | D:3      | Slain by Grinder

Vault maps used:
D:1:      eino_arrival_water_cross, serial_bayou_lagoon_a,
          grunt_decor_one_mirror
D:2:      grunt_dithmenos_smoke_and_mirrors, minmay_pentomino_t2
D:3:      old_standard_altar, uniq_natasha, uniq_grinder

Skill      XL: |  1  2  3  4 |
---------------+-------------+-----
Dodging        | 3 4 |  4.1
Polearms       | 4 5 |  5.4
Fighting       | 3 |  3.2
Armour         | |  0.8
Shields        | |  0.5
Spellcasting   | |  2.0
Charms         | |  3.3

Action                   |  1- 3 |  4- 6 || total
-------------------------+-------+-------++-------
Melee: Spear             |   118 |   181 ||   299
       Tailslap          |     1 |       ||     1
 Cast: Infusion          |       |     1 ||     1
  Use: Potion            |       |     6 ||     6
  Eat: Chunk             |     2 |     6 ||     8
Armor: Leather armour    |    11 |       ||    11
       Ring mail         |     2 |    38 ||    40
Dodge: Dodged            |    54 |    61 ||   115
Block: Shield            |       |    21 ||    21
       Buckler           |       |     2 ||     2

Table legend:
 A = Spawn XP
 B = Non-spawn XP
 C = Spawn XP percentage of total XP
 D = Spawn monster count
 E = Non-spawn monster count
 F = Spawn count percentage of total count
 G = Total turns spent on level
                    A         B        C        D         E        F      G
               +---------+---------+-------+---------+---------+-------+---------
         Total |       0 |     205 |   0.0 |       0 |      59 |   0.0 |  3315
               +---------+---------+-------+---------+---------+-------+---------
           D:1 |       0 |      58 |   0.0 |       0 |      22 |   0.0 |  1473
           D:2 |       0 |      50 |   0.0 |       0 |      20 |   0.0 |   805
           D:3 |       0 |      97 |   0.0 |       0 |      17 |   0.0 |  1037
               +---------+---------+-------+---------+---------+-------+---------
